 Dungeon Crawl Stone Soup version 0.17-a0-1403-g9df874c (webtiles) character file.

1321 Aiteri the Skirmisher (level 8, -6/71 HPs)
             Began as a Minotaur Fighter on June 20, 2015.
             Was an Initiate of Okawaru.
             Mangled by an orc warrior
             ... wielding a +0 dire flail
              (23 damage)
             ... on level 6 of the Dungeon.
             The game lasted 00:10:10 (4345 turns).

Aiteri the Skirmisher (Minotaur Fighter)            Turns: 4345, Time: 00:10:11

Health: -6/71      AC: 13    Str: 24    XL:     8   Next: 33%
Magic:  8/8        EV: 13    Int:  5    God:    Okawaru [......]
Gold:   244        SH: 11    Dex: 14    Spells: 0 memorised, 7 levels left

rFire  + . .     SeeInvis .     a - +0 war axe
rCold  . . .     Clarity  .     G - +0 chain mail
rNeg   . . .     SustAt   .     c - +0 shield
rPois  .         Gourm    .     (helmet restricted)
rElec  .         Spirit   .     D - +0 cloak
rCorr  .         Warding  .     (no gloves)
rMut   .         Stasis   .     C - +1 pair of boots
MR     .....                    (no amulet)
Stlth  ..........               H - ring of protection from fire
                                l - ring of invisibility

@: agile, not resistant to hostile enchantments, extremely unstealthy
A: retaliatory headbutt, horns 2
a: Renounce Religion, Evoke Invisibility


You were on level 6 of the Dungeon.
You worshipped Okawaru.
Okawaru was noncommittal.
You were not hungry.

You visited 2 branches of the dungeon, and saw 7 of its levels.

You collected 244 gold pieces.

Inventory:

Hand weapons
 a - a +0 war axe (weapon)
Missiles
 I - 5 poisoned tomahawks (quivered)
Armour
 c - a +0 shield (worn)
 C - a +1 pair of boots (worn)
 D - a +0 cloak (worn)
 G - a +0 chain mail (worn)
Jewellery
 l - a ring of invisibility (left hand)
 H - a ring of protection from fire (right hand)
 J - an uncursed ring of wizardry {unknown}
Magical devices
 E - a wand of flame (30)
Scrolls
 b - 2 scrolls of remove curse {unknown}
 f - 2 scrolls of blinking {unknown}
 h - 7 scrolls of identify {unknown}
 k - a scroll of fog {unknown}
 m - a scroll of fear {unknown}
 p - 2 scrolls of enchant armour {unknown}
 r - 2 scrolls of teleportation {unknown}
 s - 4 scrolls of noise {unknown}
 w - a scroll of immolation {unknown}
 y - 2 scrolls of magic mapping {unknown}
 A - a scroll of enchant weapon {unknown}
 B - a scroll of recharging {unknown}
Potions
 d - 2 potions of might
 g - 3 potions of curing {unknown}
 j - 2 potions of degeneration {unknown}
 n - a potion of mutation {unknown}
 o - 2 potions of resistance {unknown}
 q - 4 potions of agility
 t - 3 potions of heal wounds {unknown}
 x - 2 potions of haste {unknown}
 z - a potion of cancellation {unknown}
 F - 2 potions of magic {unknown}
Comestibles
 e - 3 bread rations
 i - 2 meat rations
 u - a beef jerky
 v - 9 chunks of flesh


   Skills:
 * Level 6.8 Fighting
 * Level 6.2 Axes
 * Level 6.3 Armour
 + Level 3.1 Dodging
 * Level 6.6 Shields
 + Level 1.8 Evocations


You had 7 spell levels left.
You didn't know any spells.

Dungeon Overview and Level Annotations

Branches:
Dungeon (6/15)             Temple (1/1) D:5

Altars:
Ashenzari
Dithmenos
Fedhas
Gozag
Kikubaaqudgha
Makhleb
Nemelex Xobeh
Okawaru
Qazlal
Ru
Sif Muna
Vehumet
Xom
Yredelemnul
Zin
The Shining One


Innate Abilities, Weirdness & Mutations

You reflexively headbutt those who attack you in melee.
You have a pair of horns on your head.


Message History

The orc warrior is moderately wounded.
The orc warrior closely misses you.
You barely miss the orc warrior. You headbutt the orc warrior!
The orc warrior is heavily wounded.
You block the orc warrior's attack.
You closely miss the orc warrior.
You headbutt the orc warrior, but do no damage.
The orc warrior is heavily wounded.
The orc warrior hits you with a dire flail!
* * * LOW HITPOINT WARNING * * *
You barely miss the orc warrior.
The orc warrior is heavily wounded.
You block the orc warrior's attack.
Drink which item? (? for menu, Esc to quit)
Okay, then.
Drink which item? (? for menu, Esc to quit)
It was a potion of agility.
You feel agile all of a sudden.
The orc warrior hits you with a dire flail!!
You die...

.# #### . ##..###
.# ##. #......
..# #.. ##...###
#..####.# ##.†###
#...#..# ##..##
#.....# ##..##
#....@# ##..##
##..)o# ###..##
##..).###...##
#..........##
.............#
.............#
.............##
..............##
...............##


You could see an orc warrior.

Vanquished Creatures
  The ghost of Kidiri the Conjurer, an average DrCj of Vehumet (D:4)
  Eustachio (D:4)
  4 ogres
  A centaur (D:5)
  2 orc priests
  A giant frog zombie (D:5)
  2 orc wizards
  A hound (D:4)
  A giant frog skeleton (D:4)
  3 worker ants
  Natasha (twice) (D:4)
  An iguana (D:4)
  A centaur skeleton (D:4)
  2 hound skeletons (D:4)
  A worker ant zombie (D:5)
  6 adders
  A shadow imp (D:5)
  An ooze (D:2)
  4 worms
  5 giant geckos
  11 orcs
  A ball python (D:2)
  5 giant cockroaches
  6 hobgoblins
  11 kobolds
  A quokka (D:4)
  11 bats
  A giant gecko skeleton (D:4)
  A giant gecko zombie (D:5)
  2 giant newts
  13 goblins
  A quokka skeleton (D:5)
  A quokka zombie (D:5)
  10 rats
116 creatures vanquished.

Notes
Turn   | Place    | Note
--------------------------------------------------------------
     0 | D:1      | Aiteri the Minotaur Fighter began the quest for the Orb.
     0 | D:1      | Reached XP level 1. HP: 19/19 MP: 0/0
   363 | D:1      | Reached XP level 2. HP: 24/27 MP: 1/1
   643 | D:2      | Reached skill level 4 in Fighting
   729 | D:2      | Reached XP level 3. HP: 33/33 MP: 2/2
  1411 | D:3      | Reached XP level 4. HP: 37/41 MP: 3/3
  2000 | D:4      | Noticed an ogre
  2010 | D:4      | Killed an ogre
  2010 | D:4      | Reached skill level 1 in Dodging
  2010 | D:4      | Reached XP level 5. HP: 37/47 MP: 4/4
  2262 | D:4      | Reached skill level 5 in Fighting
  2291 | D:4      | Noticed an ogre
  2299 | D:4      | Reached skill level 5 in Armour
  2299 | D:4      | Reached XP level 6. HP: 17/56 MP: 5/5
  2582 | D:4      | Killed an ogre
  2680 | D:4      | Reached skill level 5 in Shields
  2736 | D:4      | Noticed an ogre
  2746 | D:4      | Killed an ogre
  2746 | D:4      | Reached skill level 5 in Axes
  2746 | D:4      | Reached XP level 7. HP: 30/61 MP: 6/6
  2839 | D:4      | Noticed Eustachio
  2850 | D:4      | Killed Eustachio
  2916 | D:4      | Noticed Natasha
  2921 | D:4      | Killed Natasha
  3066 | D:4      | Reached skill level 6 in Fighting
  3185 | D:4      | Noticed Kidiri's ghost (average DrCj)
  3199 | D:4      | Killed Kidiri's ghost
  3199 | D:4      | Reached skill level 1 in Evocations
  3238 | D:4      | Noticed Natasha
  3254 | D:4      | Killed Natasha
  3319 | D:5      | Entered Level 5 of the Dungeon
  3378 | D:5      | Reached XP level 8. HP: 57/71 MP: 6/8
  3398 | D:5      | Found an opulent altar of Gozag.
  3463 | D:5      | Found a staircase to the Ecumenical Temple.
  3471 | Temple   | Entered the Ecumenical Temple
  3508 | Temple   | Became a worshipper of Warmaster Okawaru
  4345 | D:6      | Mangled by an orc warrior

Vault maps used:
D:1:      dpeg_arrival_boxes_within_box
D:3:      first_bread
D:4:      forest_paths, uniq_natasha, uniq_eustachio
D:5:      minmay_temple_entry_glassed_door, basic_altar
D:6:      elyvilon_altar_4, bloody_trog, slow_altar_2
Temple:   nicolae_temple_elliptical

Action                   |  1- 3 |  4- 6 |  7- 9 || total
-------------------------+-------+-------+-------++-------
Melee: War axe           |   109 |   102 |   133 ||   344
  Use: Potion            |       |       |     2 ||     2
  Eat: Chunk             |     2 |     2 |     6 ||    10
       Beef jerky        |       |     1 |       ||     1
